Map: Orbital Shipyard

Players

thunderfly - Winner!

  • Race: Zerg Zerg
  • League: Diamond

LilDicky

  • Race: Terran Terran
  • League: Diamond

VOD

http://www.twitch.tv/tumescentpie

Description

Time

  • Played on: Dec. 12, 2015, 2:56 p.m.
  • Length: 4:20
Show
View Real Time Build Order
Export as new Build Order

thunderfly Zerg - Winner!

Build Orders: Hatch First 

Get SALT Encoding   

  12  0:01  Drone  
  13  0:13  Overlord  
  13  0:17  Drone  
  14  0:31  Drone x2  
  16  0:38  Drone  
  17  0:51  Drone  
  18  0:59  Hatchery  
  18  1:01  Drone  
  18  1:08  Extractor  
  17  1:16  Spawning Pool  
  16  1:30  Drone x2  
  16  1:31  Drone  
  19  2:03  Queen  
  19  2:06  Overlord x2  
  21  2:12  Queen  
  23  2:19  Zergling x6  
  26  2:26  Drone  
  27  2:44  Metabolic Boost  
  27  2:46  Baneling Nest  
  25  2:54  Zergling x2  
  25  2:55  Zergling x10  
  32  3:05  Zergling x2  
  32  3:16  Overlord  
  32  3:17  Zergling x8  
  36  3:32  Baneling x4  
  36  3:33  Baneling  
  36  3:34  Zergling x8  
  36  3:38  Baneling  
  40  3:48  Overlord  
  40  3:50  Zergling x2  
  40  3:51  Zergling x6  
Show
View Real Time Build Order
Export as new Build Order

LilDicky Terran 

Build Orders: Reaper Expand 

Get SALT Encoding   

  12  0:04  SCV  
  13  0:16  SCV  
  13  0:21  Supply Depot  
  14  0:28  SCV  
  15  0:38  Refinery  
  15  0:46  Barracks  
  15  0:47  SCV  
  16  1:03  SCV  
  17  1:15  SCV  
  19  1:36  Reaper  
  19  1:38  Orbital Command  
  19  1:44  Command Center  
  19  1:54  Refinery  
  19  2:01  Supply Depot  
  19  2:03  SCV  
  19  2:08  Marine  
  21  2:15  SCV  
  22  2:28  SCV  
  22  2:29  Factory, Marine  
  24  2:46  Marine  
  24  2:52  SCV  
  24  2:56  Orbital Command  
  25  3:04  SCV, Marine  
  27  3:06  Refinery  
  27  3:16  SCV  
  27  3:17  Armory  
  28  3:20  Factory Tech Lab, Starport  
  28  3:24  Marine  
  29  3:27  SCV  
  29  3:32  SCV  
  31  3:40  SCV  
  32  3:43  Marine  
  32  3:44  SCV  
  34  3:52  SCV  
  35  3:56  SCV  
Tags
 
Add a new tag
Caveats
  • Supply blocks, unpowered buildings, or Contaminate may cause inaccurate times.
  • Supply counts are checked every 10 seconds.